 Dungeon Sprint DCSS version 0.26-a0-1033-gd598b01645 (webtiles) character file.

Game seed: 9431941238102581142

1294 mhtbhm the Sharpshooter (level 8, -2/52 HPs)
             Began as a Kobold Hunter on Dec 10, 2020.
             Was an Elder of Okawaru.
             Slain by a blink frog (6 damage)
             ... in the Dungeon (Sprint VII: "The Pits").
             The game lasted 00:02:51 (865 turns).

mhtbhm the Sharpshooter (Kobold Hunter)              Turns: 865, Time: 00:02:53

Health: -2/52      AC: 13    Str:  9    XL:     8   Next: 86%
Magic:  8/8        EV:  8    Int: 12    God:    Okawaru [****..]
Gold:   0          SH:  0    Dex: 18    Spells: 7/7 levels left

rFire    . . .     SeeInvis .   o - +2 dagger (elec)
rCold    . . .     Faith    .   (shield restricted)
rNeg     . . .     Spirit   .   b - +3 chain mail
rPois    .         Reflect  .   (no helmet)
rElec    .         Harm     .   (no cloak)
rCorr    .         Rampage  .   (no gloves)
Will     .....     NoTele   +   (no boots)
Stlth    ++........             (no amulet)
HPRegen  0.17/turn              (no ring)
MPRegen  0.11/turn              (no ring)

@: invisible
A: small, nightstalker 3
a: Heroism, Renounce Religion


You were in the Dungeon.
You worshipped Okawaru.
Okawaru was greatly pleased with you.
You visited 1 branch

Inventory:

Hand Weapons
 a - a +1 hand crossbow
 o - a +2 dagger of electrocution (weapon)
Missiles
 d - 24 bolts
Armour
 b - a +3 chain mail (worn)
 c - a +0 leather armour
Scrolls
 j - a scroll of blinking
 l - 3 scrolls of remove curse
 m - 5 scrolls of amnesia
 n - a scroll of summoning
Potions
 e - 5 potions of curing
 f - a potion of heal wounds
 g - a potion of haste
 h - 4 potions of magic
 i - 2 potions of berserk rage
 k - a potion of invisibility


   Skills:
 + Level 6.4 Fighting
 + Level 6.9 Short Blades
 + Level 15.7 Crossbows
 + Level 5.5 Armour
 + Level 5.1 Dodging
 + Level 9.2 Stealth


You had 7 spell levels left.
You didn't know any spells.
Your spell library was empty.

Dungeon Overview and Level Annotations

Branches:
Dungeon (1/1)

Altars:
Ashenzari
Cheibriados
Dithmenos
Elyvilon
Fedhas
Gozag
Hepliaklqana
Kikubaaqudgha
Makhleb
Nemelex Xobeh
Okawaru
Qazlal
Ru
Sif Muna
Trog
Uskayaw
Vehumet
Wu Jian
Xom
Yredelemnul
Zin
The Shining One
Beogh
Jiyva
Lugonu


Innate Abilities, Weirdness & Mutations

You are small and have problems with some larger weapons.
You are completely attuned to the shadows.


Message History

The blink frog closely misses you. The blink frog barely misses you.
You closely miss the blink frog.
The blink frog is moderately wounded.
The blink frog hits you!
* * * LOW HITPOINT WARNING * * *
You feel much better. The bullfrog closely misses you.
The red devil hits you from afar with a +0 trident!!
The blink frog hits you!
* * * LOW HITPOINT WARNING * * *
The blink frog blinks!
The bullfrog closely misses you.
You feel much better.
The blink frog blinks!
The bullfrog hits you but does no damage.
The red devil hits you from afar with a +0 trident!
You fade into invisibility!
The blink frog closely misses you.
The bullfrog hits you but does no damage.
The red devil hits you from afar with a +0 trident!
* * * LOW HITPOINT WARNING * * *
The blink frog hits you.
You die...

#.#))#.....##.......#
#)#))#.....##.......#
#.#.[###'####.......#
#†##'#.....##...<...#
#.#........##.......#
#.#..†.....##.......#
#'###########.......#
#..#.#.##.F##########
#.......#@####
##.#.#.##F#...
#.......#4#...
##.#.#.##F'..(
#......†#(#...
##.#.#..'.#...
########## ##


You could see 2 blink frogs, a red devil and a bullfrog.

Vanquished Creatures
  A lindwurm (D)
  A blink frog (D)
  Edmund (D)
  2 water moccasins (D)
  A floating eye (D)
  A black bear (D)
  A necrophage (D)
  An orc priest (D)
  An orc wizard (D)
  A leopard gecko (D)
  3 orcs (D)
  2 ball pythons (D)
  A bat skeleton (D)
  A giant cockroach (D)
  A goblin (D)
  A hobgoblin (D)
  3 jackals (D)
  2 quokkas (D)
  A bat (D)
  A frilled lizard (D)
  A giant cockroach zombie (D)
28 creatures vanquished.

Notes
Turn   | Place    | Note
-------+----------+-------------------------------------------
     0 | D        | mhtbhm the Kobold Hunter began the quest for the Orb.
     0 | D        | Reached XP level 1. HP: 12/12 MP: 1/1
    16 | D        | Reached skill level 5 in Crossbows
   127 | D        | Found a bloodstained altar of Trog.
   127 | D        | Found a shimmering blue altar of Sif Muna.
   127 | D        | Found a viscous altar of Jiyva.
   127 | D        | Found a hazy altar of Hepliaklqana.
   127 | D        | Found an opulent altar of Gozag.
   128 | D        | Found a glowing golden altar of the Shining One.
   128 | D        | Found a glowing silver altar of Zin.
   128 | D        | Found a sacrificial altar of Ru.
   128 | D        | Found a stormy altar of Qazlal.
   128 | D        | Found a blossoming altar of Fedhas.
   130 | D        | Found a basalt altar of Yredelemnul.
   130 | D        | Found an iron altar of Okawaru.
   130 | D        | Found a white marble altar of Elyvilon.
   131 | D        | Found a shimmering altar of Xom.
   131 | D        | Found a sparkling altar of Nemelex Xobeh.
   131 | D        | Found a shadowy altar of Dithmenos.
   132 | D        | Found an ornate altar of the Wu Jian Council.
   132 | D        | Found a burning altar of Makhleb.
   132 | D        | Found a snail-covered altar of Cheibriados.
   133 | D        | Found a radiant altar of Vehumet.
   133 | D        | Found a corrupted altar of Lugonu.
   133 | D        | Found a roughly hewn altar of Beogh.
   134 | D        | Found a hide-covered altar of Uskayaw.
   134 | D        | Found an ancient bone altar of Kikubaaqudgha.
   134 | D        | Found a broken altar of Ashenzari.
   138 | D        | Became a worshipper of Warmaster Okawaru
   180 | D        | Reached skill level 6 in Crossbows
   184 | D        | Noticed a floating eye
   187 | D        | Killed a floating eye
   187 | D        | Reached * piety under Okawaru
   187 | D        | Reached ** piety under Okawaru
   188 | D        | Reached skill level 10 in Crossbows
   188 | D        | Reached XP level 2. HP: 19/19 MP: 2/2
   188 | D        | Reached XP level 3. HP: 23/23 MP: 3/3
   188 | D        | Reached XP level 4. HP: 28/28 MP: 4/4
   188 | D        | Reached XP level 5. HP: 32/32 MP: 5/5
   309 | D        | Noticed a water moccasin
   333 | D        | Noticed a water moccasin
   338 | D        | Reached skill level 11 in Crossbows
   338 | D        | Reached skill level 1 in Armour
   343 | D        | Killed a water moccasin
   344 | D        | Reached skill level 12 in Crossbows
   344 | D        | Reached skill level 5 in Stealth
   344 | D        | Reached XP level 6. HP: 33/38 MP: 6/6
   450 | D        | Noticed a necrophage
   451 | D        | Noticed a black bear
   462 | D        | Killed a necrophage
   463 | D        | Reached skill level 13 in Crossbows
   463 | D        | Reached XP level 7. HP: 36/43 MP: 7/7
   464 | D        | Killed a water moccasin
   465 | D        | Reached skill level 5 in Fighting
   467 | D        | Reached *** piety under Okawaru
   468 | D        | Reached skill level 5 in Short Blades
   468 | D        | Reached skill level 14 in Crossbows
   556 | D        | Noticed a lindwurm
   563 | D        | Killed a lindwurm
   563 | D        | Reached **** piety under Okawaru
   563 | D        | Received a gift from Okawaru
   564 | D        | Reached skill level 15 in Crossbows
   564 | D        | Reached XP level 8. HP: 16/51 MP: 8/8
   789 | D        | Noticed Edmund
   803 | D        | Killed Edmund
   804 | D        | Reached skill level 5 in Armour
   842 | D        | Noticed a blink frog
   842 | D        | Noticed a blink frog
   843 | D        | Noticed a red devil
   843 | D        | Noticed a blink frog
   856 | D        | Killed a blink frog
   857 | D        | Reached skill level 5 in Dodging
   865 | D        | Slain by a blink frog

Illustrated notes

Levels and vault maps discovered:
D:        pitsprint [storerooms_1, entrance_room_1, metal_vault_4, armoury_2,
          mini_pit_1, grid_room_1, main_hall_1, silver_pit, the_coven_3,
          the_vestibule_1, steel_vault_1, golden_pit, hallway_of_sentries,
          crystal_vault_6, iron_vault_2, final_vault]

Skill      XL: |  1  2  3  4  5  6  7  8 |
---------------+-------------------------+-----
Crossbows      | 10 12 13 15 | 15.7
Fighting       | 3 4 6 |  6.4
Short Blades   | 2 3 4 6 |  6.9
Dodging        | 3 4 5 |  5.1
Stealth        | 3 5 6 8 9 |  9.2
Armour         | 2 4 5 |  5.5

Action                   |  1- 3 |  4- 6 |  7- 9 || total
-------------------------+-------+-------+-------++-------
Melee: Dagger            |     4 |    31 |    24 ||    59
 Fire: Hand crossbow     |     4 |    17 |    15 ||    36
  Use: Potion            |       |     2 |     6 ||     8
 Stab: Sleeping          |     3 |     1 |       ||     4
Armor: Leather armour    |     1 |     1 |       ||     2
       Chain mail        |       |    13 |    13 ||    26
Dodge: Dodged            |     1 |    16 |    15 ||    32

Table legend: (Time is in decaauts)
 A = Elapsed time spent in this place.
 B = Non-inter-level travel time spent in this place.
 C = Inter-level travel time spent in this place.
 D = Time resting spent in this place.
 E = Time spent auto-exploring this place.
 F = Levels seen in this place.
 G = Mean time per level.
                   A        B        C        D        E       F      G
               +--------+--------+--------+--------+--------+-----+--------+
         Total |    859 |    856 |      3 |    492 |      0 |   1 |  859.0 |
       Dungeon |    859 |    856 |      3 |    492 |      0 |   1 |  859.0 |
               +--------+--------+--------+--------+--------+-----+--------+

Top non-repeatable levels by time:
       D: 859 daAuts
